 Dungeon Crawl Stone Soup version 0.24.0-123-gd5b16e6ec5 (webtiles) character file.

Game seed: 12292615484604446447, levelgen mode: deterministic

14067 Peloso the Blocker (level 11, -1/95 HPs)
             Began as a Minotaur Fighter on Dec 17, 2019.
             Was a High Priest of Okawaru.
             Killed from afar by an ice dragon (10 damage)
             ... with a blast of cold
             ... in an ice cave.
             The game lasted 00:19:26 (9060 turns).

Peloso the Blocker (Minotaur Fighter)               Turns: 9060, Time: 00:19:27

Health: -1/95      AC: 17    Str: 27    XL:     11   Next: 83%
Magic:  9/10       EV: 10    Int:  5    God:    Okawaru [*****.]
Gold:   773        SH: 25    Dex: 12    Spells: 10/10 levels left

rFire    . . .     SeeInvis .   a - +4 scimitar (elec)
rCold    + + .     Gourm    .   c - +2 large shield
rNeg     . . .     Faith    .   v - +1 plate armour
rPois    .         Spirit   .   (helmet restricted)
rElec    .         Reflect  .   (no cloak)
rCorr    .         Harm     .   (no gloves)
MR       .....                  (no boots)
Stlth    ..........             (no amulet)
HPRegen  0.25/turn              r - ring of protection from cold
MPRegen  0.12/turn              K - ring of protection from cold

@: mighty, heroism
A: retaliatory headbutt, horns 2
a: Heroism, Finesse, Renounce Religion


You were in an ice cave.
You worshipped Okawaru.
Okawaru was extremely pleased with you.
You were not hungry.

You visited 2 branches of the dungeon, and saw 12 of its levels.
You also visited: Ice Cave.

You collected 773 gold pieces.

Inventory:

Hand Weapons
 a - a +4 scimitar of electrocution (weapon)
 b - a +4 vampiric falchion
Armour
 c - a +2 large shield (worn)
 v - a +1 plate armour (worn)
Jewellery
 e - an uncursed ring of protection from cold
 i - a +5 ring of protection
 m - a +2 ring of intelligence
 q - an uncursed ring of stealth
 r - a ring of protection from cold (left hand)
 s - a +5 ring of evasion
 K - a ring of protection from cold (right hand)
 L - an uncursed amulet of magic regeneration
Wands
 x - a wand of random effects (9)
 z - a wand of polymorph (3)
 E - a wand of disintegration (4)
 M - a wand of acid (13)
Scrolls
 g - 2 scrolls of identify
 h - 10 scrolls of teleportation {unknown}
 j - 3 scrolls of enchant armour
 k - 5 scrolls of magic mapping
 l - a scroll of noise
 n - 3 scrolls of random uselessness {unknown}
 o - a scroll of fear
 t - 3 scrolls of blinking
 y - 2 scrolls of enchant weapon
 C - 7 scrolls of remove curse
 F - a scroll of immolation {unknown}
 G - a scroll of summoning {unknown}
 I - a scroll of fog {unknown}
Potions
 d - a potion of might
 p - 4 potions of agility
 u - 2 potions of flight
 w - 2 potions of curing
 B - a potion of haste
 D - a potion of brilliance
 J - a potion of berserk rage {unknown}
Comestibles
 f - 27 rations


   Skills:
 + Level 8.6(13.6) Fighting
 + Level 12.8(17.8) Long Blades
 + Level 9.7(14.7) Armour
 + Level 2.0(7.0) Dodging
 + Level 1.0(6.0) Stealth
 + Level 14.3(19.3) Shields
 + Level 0.2 Invocations
 + Level 0.1 Evocations


You had 10 spell levels left.
You didn't know any spells.
Your spell library contained the following spells:

 Spells                   Type           Power        Failure   Level  Hunger
 Summon Small Mammal      Summ           #...         100%        1    ##.....
 Call Imp                 Summ           #.......     100%        2    ###....
 Call Canine Familiar     Summ           #.......     100%        3    ####...
 Summon Guardian Golem    Hex/Summ       #.......     100%        3    ####...
 Summon Ice Beast         Ice/Summ       #.......     100%        4    #####..
 Summon Lightning Spire   Summ/Air       #.......     100%        4    #####..


Dungeon Overview and Level Annotations

Branches:
Dungeon (11/15)            Temple (1/1) D:5            Lair (0/6) D:9
  IceCv (1/1)
    Orc: D:9-12

Altars:
Ashenzari
Dithmenos
Elyvilon
Fedhas
Gozag
Hepliaklqana
Kikubaaqudgha
Makhleb
Nemelex Xobeh
Okawaru
Qazlal
Ru
Sif Muna
Trog
Uskayaw
Vehumet
Wu Jian
Xom
Yredelemnul
Zin
The Shining One

Annotations:
D:5 3 runed translucent doors, Tiagovsky's ghost, amateur MiBe


Innate Abilities, Weirdness & Mutations

You reflexively headbutt those who attack you in melee.
You have a pair of horns on your head.


Message History

The ice dragon is heavily wounded.
Unknown command.
You barely miss the ice dragon. Your headbutt misses the ice dragon.
The ice dragon is heavily wounded.
You block the ice dragon's attack.
The ice dragon claws you but does no damage.
The ice dragon tramples you.
* * * LOW HITPOINT WARNING * * *
You stumble backwards!
You hit the ice dragon. Your headbutt misses the ice dragon.
The ice dragon is heavily wounded.
You block the ice dragon's attack. x3
Unknown command.
You barely miss the ice dragon.
The ice dragon is heavily wounded.
Unknown command.
You feel very mighty all of a sudden. The ice dragon breathes frost at you.
The blast of cold hits you! You resist.
You die...

########
#...)D@####
#.....#......##
......###.##...#
......
###..##### "....
#.##...# ==..$
#....#.##
#..##$$$
##.###..##
#.#≈#### ###
##..#### #≈≈≈≈≈≈
##....####


You could see an ice dragon.

Vanquished Creatures
  An ice dragon (IceCv)
  A hydra (D:11)
  3 two-headed ogres
  2 ice statues (IceCv)
  2 rime drakes (IceCv)
  2 ice devils (D:11)
  A troll (D:9)
  Grinder (D:4)
  2 hippogriffs
  12 yaks
  3 hungry ghosts
  A steam dragon (D:9)
  Edmund (D:5)
  3 porcupines (D:9)
  2 black bears
  18 ice beasts
  2 sky beasts (D:7)
  3 orc warriors
  5 ogres
  A phantom (D:7)
  5 centaurs
  A crocodile (D:9)
  7 bullfrogs
  A gnoll sergeant (D:8)
  A scorpion (D:8)
  6 killer bees
  2 howler monkeys
  3 crimson imps
  2 bullfrog skeletons
  5 jellies
  3 orc priests
  3 centaur skeletons (D:10)
  4 hounds
  2 iguanas
  8 orc wizards
  8 worker ants
  A hound zombie (D:9)
  A howler monkey skeleton (D:11)
  11 gnolls
  9 adders
  7 oozes
  3 adder skeletons
  A worm (D:6)
  4 dart slugs
  2 leopard geckos
  34 orcs
  8 bats
  A giant cockroach (D:5)
  2 hobgoblins (D:1)
  8 jackals
  6 kobolds
  2 quokkas
  A ball python (D:3)
  7 frilled lizards
  8 goblins
  A leopard gecko skeleton (D:5)
  A quokka skeleton (D:5)
  9 rats
  A fungus (D:9)
255 creatures vanquished.

Vanquished Creatures (others)
  7 fungi (D:9)
  4 plants (D:9)
11 creatures vanquished.

Grand Total: 266 creatures vanquished

Notes
Turn   | Place    | Note
-------+----------+-------------------------------------------
     0 | D:1      | Peloso the Minotaur Fighter began the quest for the Orb.
     0 | D:1      | Reached XP level 1. HP: 19/19 MP: 0/0
   120 | D:1      | Reached XP level 2. HP: 18/27 MP: 1/1
   210 | D:1      | Reached skill level 4 in Shields
   220 | D:1      | Found a white marble altar of Elyvilon.
   311 | D:1      | Reached XP level 3. HP: 29/33 MP: 2/2
   807 | D:2      | Reached XP level 4. HP: 40/40 MP: 3/3
  1146 | D:2      | Reached skill level 5 in Shields
  1149 | D:2      | Reached skill level 1 in Dodging
  1428 | D:3      | Found an ancient bone altar of Kikubaaqudgha.
  1432 | D:3      | Found a hazy altar of Hepliaklqana.
  1433 | D:3      | Found a radiant altar of Vehumet.
  1447 | D:3      | Found a hide-covered altar of Uskayaw.
  1451 | D:3      | Found a shimmering altar of Xom.
  1892 | D:3      | Found a faded altar of an unknown god.
  2278 | D:4      | Noticed Grinder
  2282 | D:4      | Paralysed by Grinder for 7 turns
  2296 | D:4      | Killed Grinder
  2296 | D:4      | Reached skill level 6 in Shields
  2296 | D:4      | Reached XP level 5. HP: 27/47 MP: 4/4
  2296 | D:4      | Reached XP level 6. HP: 30/53 MP: 5/5
  2790 | D:4      | Reached skill level 5 in Long Blades
  2790 | D:4      | Reached skill level 7 in Shields
  2790 | D:4      | Reached XP level 7. HP: 56/60 MP: 6/6
  3377 | D:5      | Entered Level 5 of the Dungeon
  3386 | D:5      | Reached skill level 5 in Armour
  3391 | D:5      | Found a runed translucent gate.
  3391 | D:5      | Found a runed translucent gate.
  3391 | D:5      | Found a runed translucent gate.
  3392 | D:5      | Found an opulent altar of Gozag.
  3393 | D:5      | Noticed Tiagovsky's ghost (amateur MiBe)
  3406 | D:5      | Noticed Edmund
  3431 | D:5      | Killed Edmund
  3626 | D:5      | Found a staircase to the Ecumenical Temple.
  3668 | Temple   | Entered the Ecumenical Temple
  3727 | Temple   | Became a worshipper of Warmaster Okawaru
  4055 | D:5      | Reached skill level 5 in Fighting
  4157 | D:5      | Reached skill level 8 in Shields
  4157 | D:5      | Reached XP level 8. HP: 68/68 MP: 7/7
  4440 | D:6      | Noticed a two-headed ogre
  4444 | D:6      | Reached * piety under Okawaru
  4451 | D:6      | Killed a two-headed ogre
  4451 | D:6      | Reached ** piety under Okawaru
  4451 | D:6      | Reached skill level 9 in Shields
  4457 | D:6      | Reached XP level 9. HP: 55/75 MP: 8/8
  4482 | D:6      | Found a hazy altar of Hepliaklqana.
  4875 | D:7      | Reached skill level 10 in Shields
  4999 | D:7      | Reached *** piety under Okawaru
  5248 | D:7      | Reached skill level 10 in Long Blades
  5582 | D:8      | Noticed a two-headed ogre
  5601 | D:8      | Killed a two-headed ogre
  5601 | D:8      | Reached **** piety under Okawaru
  5601 | D:8      | Reached skill level 11 in Shields
  5601 | D:8      | Reached XP level 10. HP: 67/84 MP: 9/9
  5661 | D:8      | Noticed a two-headed ogre
  5674 | D:8      | Killed a two-headed ogre
  5680 | D:8      | Found a shadowy altar of Dithmenos.
  5722 | D:8      | Found a bloodstained altar of Trog.
  5723 | D:8      | Found a burning altar of Makhleb.
  5752 | D:8      | Reached ***** piety under Okawaru
  5766 | D:8      | Received a gift from Okawaru
  5876 | D:8      | Reached skill level 12 in Shields
  6054 | D:8      | Found a glowing golden altar of the Shining One.
  6504 | D:9      | Found a staircase to the Lair.
  7163 | D:9      | Reached XP level 11. HP: 92/92 MP: 10/10
  7428 | D:10     | Entered Level 10 of the Dungeon
  7640 | D:10     | Reached skill level 13 in Shields
  8339 | D:11     | Noticed a four-headed hydra
  8353 | D:11     | Killed a 13-headed hydra
  8353 | D:11     | Received a gift from Okawaru
  8530 | D:11     | Found a frozen archway.
  8546 | D:11     | Reached skill level 1 in Stealth
  8630 | IceCv    | Entered an ice cave
  8776 | IceCv    | Reached skill level 14 in Shields
  9021 | IceCv    | Noticed an ice dragon
  9027 | IceCv    | Noticed an ice dragon
  9037 | IceCv    | Killed an ice dragon
  9037 | IceCv    | Received a gift from Okawaru
  9060 | IceCv    | Killed from afar by an ice dragon

Levels and vault maps discovered:
D:1:      onia_arrival_pentagram, layout_loops_ring, minmay_hexomino_r4
D:2:      layout_loops_cross, nicolae_overflow_hidden_temple, first_ration
D:3:      layout_basic, minmay_overflow_temple_star_hex,
          chequers_ecumenical_altar_simple_redux,
          hangedman_decor_clover_reticule
D:4:      layout_layer_cave, uniq_grinder
D:5:      layout_cave_pods, minmay_temple_entry_butterflies,
          ebering_ghost_gozag, grunt_ministairs_11, uniq_edmund
D:6:      layout_rooms, basic_altar
D:7:      layout_basic
D:8:      layout_basic, lemuel_coloured_pillars_altar,
          gammafunk_temple_overflow_forgotten, hangedman_little_slice_of_home
D:9:      layout_loops_corners, due_lair_maze_entry_diamond, nooodl_food_tri
D:10:     layout_small_grid, minivault_19
D:11:     layout_cave_pods, portal_ice_cave_demonic_guard, jmf_multi_god_temple2
Temple:   nicolae_temple_hex_pool
IceCv:    ice_cave_small_dragons

Skill      XL: |  1  2  3  4  5  6  7  8  9 10 11 |
---------------+----------------------------------+-----
Armour         | 4 6 7 8 9 |  9.7
Shields        | 4 6 7 8 9 11 12 14 | 14.3
Long Blades    | 3 4 5 6 8 10 11 12 | 12.8
Fighting       | 4 5 6 7 8 |  8.6
Dodging        | 1 2 |  2.0
Stealth        | 1 |  1.0
Invocations    | |  0.2
Evocations     | |  0.1

Action                   |  1- 3 |  4- 6 |  7- 9 | 10-12 || total
-------------------------+-------+-------+-------+-------++-------
Melee: Long sword        |   126 |   112 |   110 |       ||   348
       Headbutt          |    14 |    15 |    66 |   137 ||   232
       Falchion          |       |       |   206 |   389 ||   595
       Scimitar          |       |       |       |   126 ||   126
Invok: Heroism           |       |       |     1 |     4 ||     5
Evoke: Wand              |       |     1 |       |       ||     1
  Use: Potion            |     1 |     3 |       |     4 ||     8
       Scroll            |       |       |    10 |     2 ||    12
  Eat: Chunk             |       |     6 |    10 |     8 ||    24
       Ration            |       |       |       |     1 ||     1
Armor: Scale mail        |    40 |     9 |       |       ||    49
       Chain mail        |       |    13 |       |       ||    13
       Plate armour      |       |    15 |    82 |   155 ||   252
Dodge: Dodged            |    22 |    17 |    66 |    95 ||   200
Block: Large shield      |   110 |   103 |   329 |   512 ||  1054
       Shield            |     4 |       |       |       ||     4
       Rpst.: Long sword |     6 |     2 |     7 |       ||    15
       Falchion          |       |       |    14 |    12 ||    26
       Scimitar          |       |       |       |     6 ||     6
